 Dungeon Crawl Stone Soup version 0.29.1-15-g9cfb28693d (webtiles) character file.

Game seed: 1745246481551193443

15905 promet the Spear-Bearer (level 12, -11/85 HPs)
             Began as a Merfolk Monk on Mar 9, 2023.
             Was a High Priest of Hepliaklqana.
             Mangled by Rupert
             ... wielding a +2 vorpal great mace
              (20 damage)
             ... on level 4 of the Lair of Beasts on Mar 10, 2023.
             The game lasted 01:28:00 (15561 turns).

promet the Spear-Bearer (Merfolk Monk)             Turns: 15561, Time: 01:28:00

Health: -11/85     AC: 27    Str: 18    XL:     12   Next: 31%
Magic:  12/15      EV: 12    Int: 20    God:    Hepliaklqana [*****.]
Gold:   657        SH:  9    Dex: 17    Spells: 15/16 levels left

rFire   . . .      SeeInvis .   d - +7 long sword of Gallantry {protect, Int+3}
rCold   . . .      Faith    .   v - +2 kite shield {AC+3}
rNeg    . . .      Spirit   .   p - +6 swamp dragon scales
rPois   +          Reflect  .   D - +0 helmet
rElec   .          Harm     .   (no cloak)
rCorr   .          Rampage  .   Y - +0 pair of gloves
Will    .....                   (no boots)
Stlth   +++.......              k - amulet of regeneration
HPRegen 1.04/turn               q - +6 ring of strength
MPRegen 0.14/turn               M - +6 ring of intelligence

@: mighty, under a protective aura, unable to read, unable to drink
A: reduced essence, (nimble swimmer 2), mertail, clumsy 1, inability to drink
after injury 1, inability to read after injury 1, MP-powered wands
a: Renounce Religion, Recall Ancestor, Ancestor Identity, Transference, Idealise


You were on level 4 of the Lair of Beasts.
You worshipped Hepliaklqana.
Hepliaklqana was extremely pleased with you.
You visited 2 branches of the dungeon, and saw 13 of its levels.

You collected 838 gold pieces.
You spent 181 gold pieces at shops.

Inventory:

Hand Weapons
 a - the +10 halberd "Killer Bee's Bane" {vorpal, Will+}
   (You found it on level 2 of the Dungeon)

   It inflicts extra damage upon your enemies.
   Will:      It increases your willpower.
 b - a +0 sling of venom
 c - a +7 dire flail of electrocution
 d - the +7 long sword of Gallantry (weapon) {protect, Int+3}
   (You found it on level 1 of the Lair of Beasts)

   It grants its wielder temporary protection when it strikes (+7 to AC).
   Int:       It affects your intelligence (+3).
 h - a +3 dagger of venom
 m - a +2 short sword of holy wrath
 t - a +3 short sword of electrocution
 y - a +1 vampiric war axe
 Q - a +2 falchion of protection
Missiles
 e - 96 stones
 n - a boomerang (quivered)
 w - 6 curare-tipped darts
 I - 5 poisoned darts
 J - a throwing net
Armour
 i - a +0 robe
 p - +6 swamp dragon scales (worn)
 v - a +2 kite shield of protection (worn)
 x - a +1 chain mail of willpower
 C - +0 steam dragon scales
 D - a +0 helmet (worn)
 U - +0 fire dragon scales
 Y - a +0 pair of gloves (worn)
Jewellery
 k - an amulet of regeneration (around neck)
 q - a +6 ring of strength (left hand)
 M - a +6 ring of intelligence (right hand)
 R - a ring of ice
 T - a ring of ice
 Z - a ring of see invisible
Wands
 o - a wand of mindburst (3)
 s - a wand of iceblast (12)
 E - a wand of polymorph (4)
 S - a wand of acid (7)
 W - a wand of paralysis (7)
 X - a wand of flame (21)
Scrolls
 g - a scroll of poison
 B - 6 scrolls of teleportation
 H - a scroll of magic mapping
 K - a scroll of immolation
 L - 3 scrolls of amnesia
 P - a scroll of blinking
Potions
 f - 4 potions of magic
 r - 6 potions of attraction
 u - 5 potions of curing
 z - a potion of flight
 F - a potion of cancellation
 G - 6 potions of ambrosia
 N - a potion of lignification
 O - 2 potions of resistance
 V - 2 potions of haste


   Skills:
 + Level 9.2 Fighting
 * Level 1.0 Long Blades
 + Level 2.4(7.1) Axes
 + Level 5.2(5.5) Maces & Flails
 + Level 13.7(13.9) Polearms
 + Level 3.3 Ranged Weapons
 + Level 3.4 Throwing
 + Level 5.4 Armour
 + Level 6.3 Dodging
 + Level 6.7 Stealth
 + Level 2.6 Spellcasting
 + Level 2.9 Hexes
 + Level 5.3 Evocations


You had 15 spell levels left.
You knew the following spells:

 Your Spells              Type           Power      Damage    Failure   Level
a - Slow                  Hex            56%        N/A       26%         1

Your spell library contained the following spells:

 Spells                   Type           Power      Damage    Failure   Level
 Confusing Touch          Hex            14%        N/A       63%         3
 Vampiric Draining        Necr           2%         2d6       95%         3
 Conjure Ball Lightning   Conj/Air       1%         3x3d6     100%        6
 Discord                  Hex            7%         N/A       100%        8
 Disjunction              Tloc           1%         N/A       100%        8


Dungeon Overview and Level Annotations

Branches:
Dungeon (9/15)             Temple (0/1) D:4            Lair (4/5) D:9
 Shoals (0/4) Lair:2       Spider (0/4) Lair:2
  Slime: Lair:4-5       Orc: D:9-12

Altars:
Hepliaklqana
Nemelex Xobeh
Okawaru

Shops:
D:1 (   D:4 [   D:6 (   D:8 [

Annotations:
Lair:4 Rupert


Innate Abilities, Weirdness & Mutations

Your life essence is reduced to manifest your ancestor. (-10% HP)
((You are very nimble when in or above water. (Stealth+, EV+, Speed+++)))
Your lower body shifts to a powerful aquatic tail in water.
You are clumsy. (Dex -2)
You occasionally lose the ability to drink potions when taking damage.
You occasionally lose the ability to read scrolls when taking damage.
You expend magic power (3 MP) to strengthen your wands.


Message History

You bump into the rock wall.
The water moccasin barely misses you. Rupert barely misses you.
The water moccasin completely misses you.
You slice the water moccasin!!
The water moccasin is almost dead.
You feel less confused.
Rupert roars madly and goes into a rage!
Rupert goes berserk!
The water moccasin barely misses you.
The water moccasin bites you but does no damage.
Rupert hits you but does no damage.
You barely miss Rupert.
Rupert is severely wounded.
Rupert barely misses you. The water moccasin barely misses you.
Rupert hits you but does no damage. The water moccasin barely misses you.
You barely miss Rupert.
Rupert is severely wounded.
Rupert closely misses you. The water moccasin barely misses you.
Rupert closely misses you. You block the water moccasin's attack.
You closely miss Rupert.
Rupert is severely wounded.
Rupert hits you with a +2 vorpal great mace!
The water moccasin bites you but does no damage.
You block Rupert's attack.
The water moccasin bites you but does no damage.
Rupert hits you with a +2 vorpal great mace!
You feel threatened and lose the ability to read scrolls!
You feel much better. The water moccasin closely misses you.
Rupert hits you with a +2 vorpal great mace!!
You block the water moccasin's attack.
You slash Rupert!
Your weapon exudes an aura of protection.
Rupert is severely wounded.
Rupert hits you with a +2 vorpal great mace!!
You feel threatened and lose the ability to drink potions!
* * * LOW HITPOINT WARNING * * *
x2 The water moccasin bites you but does no damage.
You block Rupert's attack.
The water moccasin bites you but does no damage.
Rupert hits you with a +2 vorpal great mace!!
You die...

..#####.......... ....
...## #........ ...#
....#####...... ..# #
.......###..PP# #..##.#
##.......###..####.....#.
###.....#.##...##P...##..
# ##.....................
#####..................#.
..# ##........P.@..#....#
.P#######...###S@### #.##
...P##########...# ..
....P#.# #R..# # #......#
..:... ......## ........
......# ..........
..###.## ##.#..#.. ###
##.# ###


You could see the friendly Eshargamelat the battlemage (paralysed), Rupert
(berserk, ally target) and a water moccasin.

Vanquished Creatures
  A catoblepas (Lair:2)
  2 cane toads (Lair:1)
  Maggie (D:6)
  A rime drake (Lair:2)
  A komodo dragon (Lair:2)
  A meliai (Lair:2)
  A blink frog (Lair:2)
  Sigmund (D:5)
  4 wyverns
  9 yaks
  2 steam dragons
  A water moccasin (Lair:1)
  2 sky beasts
  A black bear (Lair:3)
  5 wolves
  3 lemures (D:9)
  3 bullfrogs
  A gnoll sergeant (D:9)
  2 necrophages
  4 scorpions
  A wight (D:8)
  7 killer bees
  2 hounds
  A jelly (D:4)
  2 orc priests
  A gnoll bouda (D:5)
  An iguana (D:7)
  An orc wizard (D:7)
  2 hell rats (D:9)
  A polar bear simulacrum (Lair:3)
  7 gnolls
  4 adders
  A river rat (D:9)
  A shadow imp (D:6)
  A white imp (D:5)
  A dart slug (D:5)
  18 orcs
  2 ball pythons (D:1)
  10 endoplasms
  6 giant cockroaches
  6 goblins
  7 hobgoblins
  3 jackals (D:2)
  4 quokkas
  A bat (D:1)
  4 frilled lizards
  13 kobolds
  7 rats
161 creatures vanquished.

Vanquished Creatures (collateral kills)
  Gastronok (Lair:3)
  A hydra (Lair:4)
  Pikel (D:9)
  2 black mambas
  3 cane toads
  A rime drake (Lair:1)
  A komodo dragon (Lair:3)
  A hornet (D:7)
  Prince Ribbit (D:7)
  5 blink frogs
  A vampire (D:9)
  A yak (Lair:3)
  3 wyverns
  Edmund (D:6)
  7 water moccasins
  An orc warrior (D:9)
  An ice beast (D:8)
  An ogre (D:4)
  2 wolves (Lair:2)
  A centaur (D:9)
  A kobold brigand (D:7)
  4 bullfrogs
  3 scorpions
  2 wights (D:8)
  2 elephant simulacra (Lair:3)
  7 killer bees
  A jelly (D:5)
  An orc priest (D:9)
  A gnoll bouda (D:7)
  2 hounds
  Ijyb (D:3)
  An iguana (D:6)
  2 orc wizards
  2 wolf simulacra (Lair:3)
  8 adders
  6 gnolls
  A river rat (D:9)
  12 orcs
  A giant cockroach (D:4)
  A hobgoblin (D:4)
  2 quokkas (D:9)
  A frilled lizard (D:3)
  3 kobolds (D:7)
  A rat (D:9)
102 creatures vanquished.

Vanquished Creatures (others)
  8 battlemagi
  9 fungi
  6 plants
23 creatures vanquished.

Grand Total: 286 creatures vanquished

Notes
Turn   | Place    | Note
-------+----------+-------------------------------------------
     0 | D:1      | promet the Merfolk Monk began the quest for the Orb.
     0 | D:1      | Reached XP level 1. HP: 18/18 MP: 1/1
   235 | D:1      | Reached XP level 2. HP: 24/24 MP: 2/2
   873 | D:1      | Found Uxeastro's Weapon Emporium.
  1025 | D:1      | Found a faded altar of an unknown god.
  1049 | D:1      | Reached XP level 3. HP: 29/29 MP: 3/3
  2159 | D:2      | Identified the +10 halberd "Killer Bee's Bane" {vorpal,
                  | Will+}
  2394 | D:2      | Learned a level 1 spell: Slow
  2535 | D:3      | Reached skill level 5 in Polearms
  2535 | D:3      | Reached XP level 4. HP: 37/37 MP: 4/4
  3027 | D:3      | Found a hazy altar of Hepliaklqana.
  3031 | D:3      | Became a worshipper of Hepliaklqana the Forgotten
  3031 | D:3      | Reached * piety under Hepliaklqana
  3031 | D:3      | Reached ** piety under Hepliaklqana
  3032 | D:3      | Remembered your ancestor Eshargamelat as a battlemage
  3172 | D:3      | Reached XP level 5. HP: 30/37 MP: 5/5
  3359 | D:3      | Noticed Ijyb
  3364 | D:3      | Killed Ijyb
  3365 | D:3      | Reached skill level 6 in Polearms
  3929 | D:4      | Reached XP level 6. HP: 43/43 MP: 6/6
  4548 | D:4      | Found Wurphuafo's Armour Shoppe.
  4556 | D:4      | Bought a +1 chain mail of willpower for 181 gold pieces
  4596 | D:4      | Reached skill level 7 in Polearms
  4855 | D:4      | Found a staircase to the Ecumenical Temple.
  4911 | D:4      | Reached skill level 1 in Armour
  5020 | D:5      | Entered Level 5 of the Dungeon
  5024 | D:5      | Reached XP level 7. HP: 48/49 MP: 7/7
  5158 | D:5      | Reached skill level 5 in Dodging
  5196 | D:5      | Noticed Sigmund
  5200 | D:5      | Killed Sigmund
  5201 | D:5      | Reached skill level 8 in Polearms
  5201 | D:5      | Reached skill level 1 in Evocations
  5228 | D:5      | Found a sparkling altar of Nemelex Xobeh.
  5509 | D:5      | Reached skill level 5 in Fighting
  5509 | D:5      | Reached XP level 8. HP: 55/55 MP: 8/8
  5510 | D:5      | Reached skill level 1 in Throwing
  5519 | D:5      | Reached skill level 5 in Stealth
  5813 | D:6      | Reached *** piety under Hepliaklqana
  5825 | D:6      | Noticed Maggie
  5833 | D:6      | Killed Maggie
  5834 | D:6      | Reached skill level 9 in Polearms
  6131 | D:6      | Found Zorphita's Weapon Shop.
  6599 | D:6      | Noticed Edmund
  6605 | D:6      | Killed Edmund
  6606 | D:6      | Reached XP level 9. HP: 63/63 MP: 9/9
  7089 | D:7      | Found an iron altar of Okawaru.
  7108 | D:7      | Noticed Prince Ribbit
  7124 | D:7      | Killed Prince Ribbit
  7361 | D:7      | Noticed a hornet
  7367 | D:7      | Killed a hornet
  7368 | D:7      | Reached skill level 1 in Spellcasting
  7368 | D:7      | Reached skill level 1 in Hexes
  7527 | D:7      | Reached skill level 10 in Polearms
  7760 | D:7      | Reached **** piety under Hepliaklqana
  8347 | D:8      | Reached skill level 5 in Evocations
  8592 | D:8      | Identified the +0 plate armour "Jazxuv" {rN+ Will+ Int-3}
  8622 | D:8      | Reached XP level 10. HP: 71/71 MP: 12/12
  8931 | D:8      | Found Tarhunz's Dragon-Slaying Spoils.
  9429 | D:9      | Noticed a death yak
  9430 | D:9      | Noticed a death yak
  9436 | D:9      | Noticed a death yak
  9495 | D:9      | Reached skill level 1 in Maces & Flails
  9962 | D:9      | Reached skill level 11 in Polearms
 10232 | D:9      | Found a staircase to the Lair.
 11079 | D:9      | Noticed Pikel
 11084 | D:9      | Killed Pikel
 11419 | Lair:1   | Entered Level 1 of the Lair of Beasts
 11794 | Lair:1   | Noticed a cane toad
 11808 | Lair:1   | Reached skill level 1 in Axes
 11811 | Lair:1   | Reached skill level 12 in Polearms
 11816 | Lair:1   | Killed a cane toad
 11817 | Lair:1   | Reached XP level 11. HP: 46/77 MP: 13/13
 12233 | Lair:1   | Identified the +7 long sword of Gallantry {protect, Int+3}
 12346 | Lair:1   | Reached ***** piety under Hepliaklqana
 12621 | Lair:1   | Gained mutation: You are clumsy. (Dex -2) [potion of
                  | mutation]
 12621 | Lair:1   | Gained mutation: You occasionally lose the ability to read
                  | scrolls when taking damage. [potion of mutation]
 12621 | Lair:1   | Gained mutation: You occasionally lose the ability to drink
                  | potions when taking damage. [potion of mutation]
 12621 | Lair:1   | Gained mutation: You expend magic power (3 MP) to
                  | strengthen your wands. [potion of mutation]
 12944 | Lair:2   | Reached skill level 5 in Armour
 13098 | Lair:2   | Reached skill level 1 in Ranged Weapons
 13521 | Lair:2   | Found a hole to the Spider Nest.
 13641 | Lair:2   | Found a staircase to the Shoals.
 13804 | Lair:3   | Noticed a catoblepas
 13816 | Lair:2   | Killed a catoblepas
 13817 | Lair:2   | Reached skill level 13 in Polearms
 14333 | Lair:3   | Found a frozen archway.
 14405 | Lair:3   | Noticed Gastronok
 14534 | Lair:3   | Reached XP level 12. HP: 80/84 MP: 15/15
 14763 | Lair:3   | Killed Gastronok
 14764 | Lair:3   | Reached skill level 5 in Maces & Flails
 15356 | Lair:4   | Noticed a six-headed hydra
 15365 | Lair:4   | Killed a six-headed hydra
 15366 | Lair:4   | Reached skill level 1 in Long Blades
 15542 | Lair:4   | Noticed Rupert
 15561 | Lair:4   | Mangled by Rupert

Illustrated notes

Levels and vault maps discovered:
D:1:      onia_arrival_handbag, layout_loops_corners,
          shapermc_ecumenical_altar_starsandcircs, serial_shops, shop
D:2:      layout_rooms
D:3:      layout_loops_ring, marbit_many_paths, minmay_misc_feat_square,
          minivault_5, st_stairs_5, minivault_27, uniq_ijyb
D:4:      layout_loops_cross, minmay_temple_entry_fiery, serial_shops,
          nicolae_shop_waterfront
D:5:      layout_gridville, nemelex_diamond_rough_becter, uniq_sigmund
D:6:      layout_loops_corners, serial_glass, glass_columns_b, glass_columns_b,
          glass_columns_b, glass_columns_b, minmay_strange_pillars,
          due_unseen_surprise, item_on_display_a, serial_shops,
          nicolae_shop_statue_plus, uniq_maggie, uniq_edmund
D:7:      layout_gridville, okawaru_gym_becter, uniq_prince_ribbit1
D:8:      layout_basic, nicolae_shop_dragon_depot
D:9:      layout_basic, dpeg_lair_monsters, nzn_life_drinkers, uniq_pikel
Lair:1:   layout_regular_city, nicolae_quartered_pool_impasse,
          infiniplex_staircase_pool
Lair:2:   layout_chaotic_city, shoals_dummy_entry,
          hellmonk_spider_entry_not_the_bees, nicolae_lair_lil_pond
Lair:3:   layout_big_grid, portal_ice_cave_entry_ice_simulacra, uniq_gastronok
Lair:4:   layout_concentric_octagons, serial_bayou_shore_b, uniq_rupert,
          uniq_josephine

Skill      XL: |  1  2  3  4  5  6  7  8  9 10 11 12 |
---------------+-------------------------------------+-----
Polearms       | 5 6 7 8 9 10 12 13 | 13.7
Fighting       | 4 5 6 7 8 9 |  9.2
Stealth        | 3 4 5 6 |  6.7
Armour         | 1 2 3 4 5 |  5.4
Dodging        | 5 6 |  6.3
Evocations     | 1 3 5 |  5.3
Throwing       | 1 2 3 |  3.4
Spellcasting   | 1 2 |  2.6
Hexes          | 1 2 |  2.9
Maces & Flails | 2 4 5 |  5.2
Axes           | 1 2 |  2.4
Ranged Weapons | 1 3 |  3.3
Long Blades    | 1 |  1.0

Action                   |  1- 3 |  4- 6 |  7- 9 | 10-12 || total
-------------------------+-------+-------+-------+-------++-------
Melee: Spear             |   139 |       |       |       ||   139
       Halberd           |     4 |    58 |   105 |   144 ||   311
       War axe           |       |       |       |    22 ||    22
       Dire flail        |       |       |       |    24 ||    24
       Long sword        |       |       |       |    11 ||    11
 Fire: Sling             |       |       |       |    51 ||    51
Throw: Stone             |     2 |     1 |       |       ||     3
       Boomerang         |       |       |    21 |     7 ||    28
 Cast: Slow              |       |     1 |       |     8 ||     9
Invok: Ancestor Life: Ba |       |     1 |       |       ||     1
       Recall Ancestor   |       |       |     1 |     2 ||     3
Evoke: Wand              |       |       |     4 |     7 ||    11
  Use: Scroll            |     3 |     8 |    11 |    11 ||    33
       Potion            |       |       |       |     6 ||     6
 Stab: Sleeping          |     6 |     7 |     1 |       ||    14
       Distracted        |       |     1 |     1 |     4 ||     6
Armor: Robe              |     8 |       |       |       ||     8
       Swamp dragon scal |       |     5 |     5 |    73 ||    83
       Chain mail        |       |     3 |    18 |    11 ||    32
Dodge: Dodged            |    56 |    12 |    14 |   158 ||   240
Block: Kite shield       |       |       |       |     5 ||     5
